 Dungeon Crawl Stone Soup version 0.26.1-15-g04117e645d (webtiles) character file.

Game seed: 11896766515693567233

17265 morax the Grappler (level 12, -8/104 HPs)
             Began as a Ghoul Fighter on Sept 28, 2023.
             Was an Initiate of Ru.
             Killed by divine providence
             ... invoked by an orc priest
              (13 damage)
             ... on level 11 of the Dungeon.
             The game lasted 00:14:56 (17031 turns).

morax the Grappler (Ghoul Fighter)                 Turns: 17031, Time: 00:14:57

Health: -8/104     AC: 15    Str: 25    XL:     12   Next: 46%
Magic:  11/11      EV:  9    Int:  3    God:    Ru [......]
Gold:   1354       SH: 12    Dex:  8    Spells: 11/11 levels left

rFire    + . .     SeeInvis .     - Unarmed
rCold    + . .     Faith    .   b - +1 kite shield
rNeg     + + +     Spirit   .   y - +0 chain mail of the Shining Light {+Fly rCorr}
rPois    ∞         Reflect  .   p - +0 helmet
rElec    .         Harm     .   v - +2 cloak
rCorr    +         Rampage  .   (no gloves)
Will     .....                  (no boots)
Stlth    +.........             e - amulet of the acrobat
HPRegen  0.00/turn              f - ring of protection from fire
MPRegen  0.12/turn              t - ring of resist corrosion

@: no status effects
A: claws 1, cold resistance 1, negative energy resistance 3, inhibited
regeneration, torment resistance, unbreathing
a: Renounce Religion, Evoke Flight


You were on level 11 of the Dungeon.
You worshipped Ru.
Ru was noncommittal.
You visited 2 branches of the dungeon, and saw 12 of its levels.

You collected 1614 gold pieces.
You spent 260 gold pieces at shops.

Inventory:

Armour
 b - a +1 kite shield (worn)
 j - a +0 plate armour of willpower
 p - a +0 helmet (worn)
 v - a +2 cloak (worn)
 y - the +0 chain mail of the Shining Light (worn) {+Fly rCorr}
   (You found it on level 10 of the Dungeon)

   It lets you fly.
   It provides partial protection from all sources of acid and corrosion.
Jewellery
 e - an amulet of the acrobat (around neck)
 f - a ring of protection from fire (left claw)
 t - a ring of resist corrosion (right claw)
 B - an uncursed amulet of magic regeneration {unknown}
Wands
 a - a wand of flame (33)
 c - a wand of disintegration (9)
 s - a wand of paralysis (16) (quivered)
 A - a wand of acid (7)
Scrolls
 d - 9 scrolls of remove curse
 g - a scroll of blinking
 i - 5 scrolls of fog
 k - a scroll of enchant weapon
 n - 2 scrolls of amnesia
 q - 6 scrolls of identify
 u - 4 scrolls of fear
Potions
 h - 3 potions of degeneration
 l - a potion of resistance
 o - a potion of brilliance
 x - 2 potions of invisibility
 z - a potion of curing
Miscellaneous
 r - a phial of floods
 w - a box of beasts


   Skills:
 + Level 9.0 Fighting
 + Level 7.4 Armour
 + Level 6.7 Dodging
 + Level 9.1 Stealth
 + Level 7.5 Shields
 * Level 11.8 Unarmed Combat
 + Level 2.1 Evocations


You had 11 spell levels left.
You didn't know any spells.
Your spell library contained the following spells:

 Spells                   Type           Power        Failure   Level
 Animate Skeleton         Necr           0%           100%        1
 Apportation              Tloc           0%           100%        1
 Corona                   Hex            0%           100%        1
 Shock                    Conj/Air       0%           100%        1
 Summon Small Mammal      Summ           0%           100%        1
 Swiftness                Air            0%           100%        2
 Static Discharge         Conj/Air       0%           100%        3
 Airstrike                Air            0%           100%        4
 Lightning Bolt           Conj/Air       0%           100%        5
 Malign Gateway           Summ/Tloc      0%           100%        7
 Monstrous Menagerie      Summ           0%           100%        7
 Summon Greater Demon     Summ           0%           100%        7
 Summon Horrible Things   Summ           0%           100%        8


Dungeon Overview and Level Annotations

Branches:
Dungeon (11/15)            Temple (1/1) D:7            Lair (0/6) D:8
    Orc (0/2) D:9

Altars:
Ashenzari
Cheibriados
Dithmenos
Elyvilon
Fedhas
Gozag
Hepliaklqana
Kikubaaqudgha
Makhleb
Nemelex Xobeh
Okawaru
Qazlal
Ru
Sif Muna
Trog
Uskayaw
Vehumet
Wu Jian
Xom
Yredelemnul
Zin
The Shining One
Beogh

Shops:
D:4 (   D:7 =   D:9 *

Annotations:
D:3 2 runed translucent doors, Sapher's ghost, weakling VSIE
D:5 1 runed translucent door, Alarak's ghost, novice GnWz


Innate Abilities, Weirdness & Mutations

You thrive by killing the living.
You are immune to poison.
You have sharp fingernails.
Your flesh is cold resistant. (rC+)
You are immune to negative energy. (rN+++)
You do not regenerate when monsters are visible.
You are immune to unholy pain and torment.
You can survive without breathing.


Message History

You kill the yak!
The orc priest calls down the wrath of Beogh upon you.
Beogh smites you!
* * * LOW HITPOINT WARNING * * *
Okay, then.
As you read the scroll of teleportation, it crumbles to dust.
You feel strangely unstable. The wight barely misses you.
Your surroundings suddenly seem different.
Found a stone staircase leading down.
As you read the scroll of teleportation, it crumbles to dust.
You feel strangely unstable.
Your surroundings seem slightly different.
The ogre hits you with a +0 giant club!
* * * LOW HITPOINT WARNING * * *
You block the orc's attack.
There is a stone staircase leading down here.
The orc closely misses you. The orc hits you but does no damage.
The orc priest invokes the aid of Beogh against you.
Beogh smites you!
You die...

## ###.## ##....##
#.@....# #.ooY..##
$....o #.Ooz...#
...... #.......##
...... #....oz..#
#......
#........##zzo....
#.......Y.#oo.....
##.......z#.oK....
##.?......o#


You could see 2 yaks, an ogre, 3 wights, an orc priest and 3 orcs.

Vanquished Creatures
  3 two-headed ogres
  A flayed ghost (D:10)
  Pikel (D:8)
  An orc knight (D:10)
  2 manticores
  2 centaur zombies
  Maurice (D:8)
  Joseph (D:7)
  Maggie (D:8)
  5 trolls
  A wyvern (D:10)
  32 yaks
  2 wraiths
  Grum (D:11)
  A steam dragon (D:9)
  Edmund (D:5)
  3 water moccasins (D:9)
  2 ice beasts
  A sky beast (D:6)
  A black bear (D:6)
  12 orc warriors
  4 necrophages
  4 wolves (D:11)
  3 centaurs
  A lemure (D:6)
  3 ogres
  2 big kobolds (D:10)
  2 bullfrogs
  4 scorpions
  9 killer bees (D:8)
  A howler monkey (D:5)
  A crimson imp (D:8)
  A bullfrog zombie (D:10)
  6 hounds
  2 quasits
  3 jellies
  12 orc wizards
  7 orc priests
  2 bullfrog skeletons
  2 centaur skeletons
  4 iguanas
  7 worker ants
  A hound zombie (D:9)
  A hound skeleton (D:8)
  A worker ant zombie (D:7)
  9 adders
  A howler monkey skeleton (D:4)
  3 gnolls (D:8)
  2 shadow imps
  4 white imps
  An ufetubus (D:8)
  3 oozes
  3 adder skeletons
  5 worms
  2 dart slugs
  7 leopard geckos
  45 orcs
  3 ball pythons
  7 bats
  4 giant cockroaches
  4 goblins
  12 hobgoblins
  22 jackals
  3 quokkas
  3 frilled lizards
  A giant cockroach zombie (D:3)
  A jackal skeleton (D:6)
  14 kobolds
  6 rats
323 creatures vanquished.

Notes
Turn   | Place    | Note
-------+----------+-------------------------------------------
     0 | D:1      | morax the Ghoul Fighter began the quest for the Orb.
     0 | D:1      | Reached XP level 1. HP: 19/19 MP: 0/0
   174 | D:1      | Reached XP level 2. HP: 24/26 MP: 1/1
   247 | D:1      | You fall into a shaft and drop 1 floor!
   345 | D:2      | Found a glowing golden altar of the Shining One.
   449 | D:1      | Found an iron altar of Okawaru.
   485 | D:1      | Reached XP level 3. HP: 31/31 MP: 2/2
   792 | D:2      | Reached skill level 1 in Stealth
  1048 | D:2      | Reached skill level 3 in Unarmed Combat
  1350 | D:2      | Reached XP level 4. HP: 40/40 MP: 3/3
  1459 | D:3      | Found a basalt altar of Yredelemnul.
  1554 | D:3      | Reached skill level 1 in Dodging
  1906 | D:3      | Found an ornate altar of the Wu Jian Council.
  1927 | D:3      | Reached XP level 5. HP: 46/46 MP: 4/4
  1957 | D:3      | Found a runed translucent door.
  1958 | D:3      | Noticed Sapher's ghost (weakling VSIE)
  2031 | D:3      | Found a runed translucent door.
  2206 | D:3      | Found a shadowy altar of Dithmenos.
  2790 | D:4      | Reached XP level 6. HP: 28/52 MP: 5/5
  2801 | D:4      | Reached skill level 4 in Unarmed Combat
  3473 | D:4      | Found Suanoell's Antique Weapon Shoppe.
  3556 | D:4      | Lost intelligence.
  3956 | D:4      | Reached XP level 7. HP: 55/60 MP: 6/6
  4096 | D:5      | Entered Level 5 of the Dungeon
  4136 | D:5      | Found a runed translucent door.
  4136 | D:5      | Noticed Alarak's ghost (novice GnWz)
  4682 | D:6      | Noticed Edmund
  4708 | D:5      | Killed Edmund
  4965 | D:6      | Reached skill level 5 in Unarmed Combat
  5948 | D:6      | Reached XP level 8. HP: 37/67 MP: 7/7
  6440 | D:6      | Reached skill level 5 in Fighting
  6632 | D:7      | HP: 2/68 [orc warrior/cursed -3 dire flail (15)]
  7094 | D:7      | Reached skill level 6 in Unarmed Combat
  7160 | D:7      | Found a stormy altar of Qazlal.
  7355 | D:7      | Found Uraycacs's Jewellery Boutique.
  7359 | D:7      | Bought an uncursed ring of resist corrosion for 260 gold
                  | pieces
  7823 | D:7      | Identified a scroll of acquirement
  7823 | D:7      | Acquired 987 gold pieces
  7850 | D:7      | Reached skill level 5 in Stealth
  8114 | D:7      | Found a staircase to the Ecumenical Temple.
  8126 | Temple   | Entered the Ecumenical Temple
  8405 | Temple   | Became a worshipper of Ru the Awakened
  8501 | D:7      | Noticed Joseph
  8502 | D:7      | Noticed Pikel
  8612 | D:8      | Killed Pikel
  8613 | D:8      | Reached skill level 7 in Unarmed Combat
  8613 | D:8      | Reached XP level 9. HP: 68/75 MP: 8/8
  8693 | D:7      | Killed Joseph
  8694 | D:7      | Reached skill level 5 in Shields
  8917 | D:8      | Reached skill level 5 in Armour
  8927 | D:8      | Noticed Maurice
  9461 | D:8      | Found a staircase to the Lair.
  9733 | D:8      | Reached skill level 8 in Unarmed Combat
 10021 | D:8      | Identified the +5 quarterstaff of Saomaheh {flame, rPois
                  | Will+ Int-2 SInv} (You found it on level 8 of the Dungeon)
 10192 | D:8      | Killed Maurice
 10193 | D:8      | Reached XP level 10. HP: 43/84 MP: 9/9
 10431 | D:8      | Noticed a two-headed ogre
 10439 | D:8      | Killed a two-headed ogre
 10508 | D:8      | Reached skill level 9 in Unarmed Combat
 10766 | D:8      | Noticed Maggie
 10776 | D:8      | Killed Maggie
 10784 | D:8      | Found a radiant altar of Vehumet.
 10785 | D:8      | Found an ancient bone altar of Kikubaaqudgha.
 10945 | D:8      | Found a burning altar of Makhleb.
 11136 | D:9      | Reached skill level 5 in Dodging
 11642 | D:9      | Found a hazy altar of Hepliaklqana.
 11685 | D:9      | Found a roughly hewn altar of Beogh.
 11685 | D:9      | Found a staircase to the Orcish Mines.
 11714 | D:8      | Reached XP level 11. HP: 60/92 MP: 10/10
 12347 | D:9      | Reached skill level 10 in Unarmed Combat
 12634 | D:9      | Found Dionewky's Serpentskin Sales.
 13273 | D:10     | Entered Level 10 of the Dungeon
 14032 | D:10     | Got an emerald-encrusted chain mail
 14042 | D:10     | Identified the cursed +0 chain mail of the Shining Light
                  | {+Fly rCorr} (You found it on level 10 of the Dungeon)
 14550 | D:10     | Noticed a manticore
 14567 | D:10     | Killed a manticore
 14601 | D:10     | Noticed a two-headed ogre
 15140 | D:10     | Noticed a flayed ghost
 15141 | D:10     | Noticed an orc knight
 15152 | D:10     | Killed a flayed ghost
 15554 | D:10     | Killed an orc knight
 15555 | D:10     | Reached skill level 11 in Unarmed Combat
 15795 | D:10     | Killed a two-headed ogre
 15863 | D:11     | Noticed a manticore
 15877 | D:11     | Killed a manticore
 15878 | D:11     | Reached XP level 12. HP: 57/103 MP: 11/11
 16391 | D:11     | Reached skill level 1 in Evocations
 16649 | D:11     | Noticed Grum
 16683 | D:11     | Killed Grum
 16806 | D:11     | Noticed a two-headed ogre
 16858 | D:11     | Killed a two-headed ogre
 17027 | D:11     | HP: 5/104 [ogre/+0 giant club (10)]
 17031 | D:11     | Killed from afar by an orc priest

Illustrated notes

Levels and vault maps discovered:
D:1:      ebering_trefoil_3fold, layout_rooms, okawaru_ov_weapons_minmay
D:2:      layout_loops_ring, nicolae_tso_carved_into_rock, minmay_hexomino_c4
D:3:      layout_loops_ring, grunt_dithmenos_smoke,
          nicolae_overflow_crystal_walls, marbit_many_paths,
          ebering_ghost_sewer_f
D:4:      layout_basic, serial_shops, shop_statue
D:5:      layout_gridville, hellmonk_ghost_happy_afterlife
D:6:      layout_basic, uniq_edmund
D:7:      layout_gridville, old_standard_altar, temple_hall, serial_shops,
          nicolae_shop_behind_doors, uniq_joseph, uniq_pikel
D:8:      layout_gridville, makhleb_grotto_becter,
          gammafunk_temple_overflow_wave, lair_entry_dummy, eino_jars,
          uniq_maggie, uniq_maurice
D:9:      layout_small_grid, general_overflow_altar, david_orc_5,
          guppyfry_shop_venom
D:10:     minmay_the_grid_3x2 [minmay_the_grid_box_x,
          minmay_the_grid_outer_circle, minmay_the_grid_small_cups,
          minmay_the_grid_stretched_grid, minmay_the_grid_x,
          minmay_the_grid_prize_diamond_cup], layout_gridville
D:11:     layout_cave_pods, abandoned_shop, uniq_grum
Temple:   oiseaux_autumnal_temple

Skill      XL: |  1  2  3  4  5  6  7  8  9 10 11 12 |
---------------+-------------------------------------+-----
Stealth        | 1 2 3 4 5 6 7 8 9 |  9.1
Shields        | 3 4 5 6 7 |  7.5
Unarmed Combat | 3 4 5 7 8 9 11 | 11.8
Armour         | 3 4 5 6 7 |  7.4
Dodging        | 1 2 3 4 5 6 |  6.7
Fighting       | 4 5 6 7 8 9 |  9.0
Evocations     | 2 |  2.1

Action                   |  1- 3 |  4- 6 |  7- 9 | 10-12 || total
-------------------------+-------+-------+-------+-------++-------
Melee: Unarmed           |   116 |   267 |   531 |   720 ||  1634
Invok: Reject Sacrifices |       |       |       |     1 ||     1
Evoke: Wand              |       |       |     1 |     9 ||    10
  Use: Scroll            |     7 |       |    11 |     5 ||    23
       Potion            |       |     4 |     8 |     1 ||    13
 Stab: Paralysed         |       |       |     4 |    16 ||    20
Armor: Scale mail        |    36 |    69 |   219 |       ||   324
       Plate armour      |       |       |    44 |   202 ||   246
       Chain mail        |       |       |       |   100 ||   100
Dodge: Dodged            |    29 |    82 |   213 |   257 ||   581
Block: Kite shield       |    58 |   129 |   339 |   442 ||   968
